 Dungeon Crawl Stone Soup version 0.27-a0-732-ga892ba84f6 (webtiles) character file.

Game seed: 5173590909251505428

182 dracos369 the Sneak (level 5, -8/38 HPs)
             Began as a Djinni Enchanter on Mar 23, 2021.
             Was an Initiate of Gozag.
             Mangled by a gnoll
             ... wielding a +0 spear
              (9 damage)
             ... on level 2 of the Dungeon.
             The game lasted 00:06:12 (2655 turns).

dracos369 the Sneak (Djinni Enchanter)              Turns: 2655, Time: 00:06:13

Health: -8/38      AC:  2    Str:  7    XL:     5   Next: 61%
Magic:  0/0        EV: 12    Int: 16    God:    Gozag
Gold:   86         SH:  0    Dex: 15    Spells: 0/10 levels left

rFire    + + .     SeeInvis .   a - +1 dagger
rCold    x . .     Faith    .   (no shield)
rNeg     . . .     Spirit   .   b - +0 robe
rPois    ∞         Reflect  .   (no helmet)
rElec    .         Harm     .   (no cloak)
rCorr    .         Rampage  .   (no gloves)
Will     .....                  (boots unavailable)
Stlth    ++........             (no amulet)
HPRegen  0.12/turn              (no ring)
MPRegen  0.00/turn              (no ring)

@: flying
A: fire resistance 2, cold vulnerability 1, float, innate caster, hp casting,
extra vitality 1
a: Renounce Religion, Potion Petition, Call Merchant, Bribe Branch


You were on level 2 of the Dungeon.
You worshipped Gozag.
Gozag was noncommittal.
You visited 1 branch of the dungeon, and saw 2 of its levels.

You collected 109 gold pieces.
You paid 23 gold pieces to Gozag.

Inventory:

Hand Weapons
 a - a +1 dagger (weapon)
Armour
 b - a +0 robe (worn)
Scrolls
 c - a scroll of blinking {unknown}
 e - a scroll of immolation {unknown}
 f - a scroll of identify {unknown}
 h - a scroll of enchant armour {unknown}


   Skills:
 + Level 1.8 Fighting
 + Level 3.0 Short Blades
 - Level 2.1 Dodging
 + Level 3.6 Stealth
 + Level 3.2 Spellcasting


You couldn't memorise any spells.
You knew the following spells:

 Your Spells              Type           Power      Damage    Failure   Level
a - Corona                Hex            14%        N/A       4%          1
b - Foxfire               Conj/Fire      52%        2x1d6     4%          1
c - Confusing Touch       Hex            13%        N/A       14%         3
d - Tukima's Dance        Hex            13%        N/A       14%         3
e - Ensorcelled Hibernat  Hex/Ice        26%        N/A       8%          2
f - Searing Ray           Conj           26%        3d4       8%          2
z - Dazzling Flash        Conj/Hex       26%        N/A       14%         3
Your spell library was empty.

Dungeon Overview and Level Annotations

Branches:
Dungeon (2/15)

Altars:
Gozag


Innate Abilities, Weirdness & Mutations

You are immune to poison.
Your flesh is very heat resistant. (rF++)
You are vulnerable to cold. (rC-)
You float through the air rather than walking.
You learn spells naturally, not from books.
Your magical power is your life essence.
You have superior vitality. (+4 HP)


Message History

The gnoll hits you from afar with a +0 spear!
* * * LOW HITPOINT WARNING * * *
You are too injured to fight recklessly!
Aiming: Ensorcelled Hibernation (safe; 8% risk of failure)
Press: ? - help, Q - select action, (/) - cycle Shift-Dir - straight line, f/p - gnoll
Aim: a gnoll, wielding a +0 spear (fast, chance to affect: 52%)
The gnoll resists with significant effort.
* * * LOW HITPOINT WARNING * * *
The gnoll becomes distracted by the nearby gold, dreaming of imaginary riches.
The gnoll shouts!
You hit the gnoll.
The gnoll is no longer distracted by gold.
The gnoll is moderately wounded.
The gnoll closely misses you.
You hit the gnoll but do no damage.
The gnoll is moderately wounded.
The gnoll hits you with a +0 spear.
* * * LOW HITPOINT WARNING * * *
Aiming: Ensorcelled Hibernation (safe; 8% risk of failure)
Press: ? - help, Q - select action, (/) - cycle Shift-Dir - straight line, f/p - gnoll
Aim: a gnoll, wielding a +0 spear (moderately wounded, fast, chance to affect: 52%)
The gnoll resists with significant effort.
* * * LOW HITPOINT WARNING * * *
The gnoll becomes distracted by the nearby gold, dreaming of imaginary riches.
The gnoll shouts!
You hit the gnoll.
The gnoll is no longer distracted by gold.
The gnoll is moderately wounded.
The gnoll misses you.
You hit the gnoll but do no damage.
The gnoll is moderately wounded.
The gnoll barely misses you.
Aiming: Ensorcelled Hibernation (safe; 8% risk of failure)
Press: ? - help, Q - select action, (/) - cycle Shift-Dir - straight line, f/p - gnoll
Aim: a gnoll, wielding a +0 spear (moderately wounded, fast, chance to affect: 52%)
The gnoll resists with significant effort.
* * * LOW HITPOINT WARNING * * *
The gnoll hits you with a +0 spear!
You die...
Your body crumbles into a pile of gold.

#.........# ..g.
#..<...<#.# #....>.
##.....##b#####......
##...###...b$.....#
##### #######....# ....#
# # #...# # #. #g#.####.
## ####.####@#...... ..
........$........ .#
###....<......... .#
#................
.#######.##...$....####.
....#... #........#
......# #........#
.....# #........# .....#
#........#


You could see a gnoll (fast).

Vanquished Creatures
  A gnoll shaman (D:2)
  Natasha (thrice) (D:2)
  An adder (D:2)
  2 gnolls (D:2)
  2 dart slugs (D:2)
  A ball python (D:1)
  3 goblins
  5 hobgoblins
  6 jackals (D:1)
  7 kobolds
  2 oozes
  3 quokkas
  5 bats
  A frilled lizard (D:1)
  8 rats
50 creatures vanquished.

Notes
Turn   | Place    | Note
-------+----------+-------------------------------------------
     0 | D:1      | dracos369 the Djinni Enchanter began the quest for the Orb.
     0 | D:1      | Reached XP level 1. HP: 15/15 MP: 0/0
   160 | D:1      | Reached XP level 2. HP: 9/21 MP: 0/0
  1161 | D:1      | Reached XP level 3. HP: 25/25 MP: 0/0
  1161 | D:1      | Learned a level 1 spell: Foxfire
  1761 | D:2      | Noticed Natasha
  1765 | D:2      | Killed Natasha
  1766 | D:2      | Reached XP level 4. HP: 29/31 MP: 0/0
  1933 | D:2      | Noticed Natasha
  1942 | D:2      | Killed Natasha
  1943 | D:2      | Reached skill level 1 in Fighting
  2095 | D:2      | Found an opulent altar of Gozag.
  2131 | D:2      | Became a worshipper of Gozag Ym Sagoz the Greedy
  2367 | D:2      | Noticed Natasha
  2374 | D:2      | Reached XP level 5. HP: 33/37 MP: 0/0
  2374 | D:2      | Learned a level 2 spell: Searing Ray
  2386 | D:2      | Killed Natasha
  2655 | D:2      | Mangled by a gnoll

Illustrated notes

Levels and vault maps discovered:
D:1:      kilobyte_arrival_exit_the_forest, layout_loops_ring,
          minmay_misc_feat_rows, minmay_misc_feat_cross, nrook_campfire,
          minmay_fountain_box
D:2:      layout_rooms, nicolae_gozag_seed_capital, uniq_natasha

Skill      XL: |  1  2  3  4  5 |
---------------+----------------+-----
Short Blades   | 2 3 |  3.0
Stealth        | 3 |  3.6
Fighting       | 1 |  1.8
Spellcasting   | 3 |  3.2
Dodging        | |  2.1

Action                   |  1- 3 |  4- 6 || total
-------------------------+-------+-------++-------
Melee: Dagger            |    51 |    33 ||    84
 Cast: Ensorcelled Hiber |    25 |    35 ||    60
  Use: Potion            |       |     2 ||     2
 Stab: Sleeping          |    27 |    17 ||    44
Armor: Robe              |     5 |     8 ||    13
Dodge: Dodged            |    34 |    27 ||    61

Table legend: (Time is in decaauts)
 A = Elapsed time spent in this place.
 B = Non-inter-level travel time spent in this place.
 C = Inter-level travel time spent in this place.
 D = Time resting spent in this place.
 E = Time spent auto-exploring this place.
 F = Levels seen in this place.
 G = Mean time per level.
                   A        B        C        D        E       F      G
               +--------+--------+--------+--------+--------+-----+--------+
         Total |   2646 |   2596 |     50 |    803 |   1457 |   2 | 1323.0 |
       Dungeon |   2646 |   2596 |     50 |    803 |   1457 |   2 | 1323.0 |
               +--------+--------+--------+--------+--------+-----+--------+

Top non-repeatable levels by time:
     D:1: 1928 daAuts
     D:2: 718 daAuts
